 Dungeon Crawl Stone Soup version 0.29.1 (webtiles) character file.

Game seed: 9628318279105128146

19524 qw the Cleaver (level 12, -2/106 (113) HPs)
             Began as a Minotaur Berserker on Sept 13, 2022.
             Was an Elder of Trog.
             Slain by a molten gargoyle
             ... wielding a +0 flail
              (9 damage)
             ... on level 3 of the Lair of Beasts.
             The game lasted 00:04:29 (13268 turns).

qw the Cleaver (Minotaur Berserker)                Turns: 13268, Time: 00:04:30

HP:   -2/106 (113)  AC:  0    Str: 28    XL:     12   Next: 37%
MP:   11/11         EV: 14    Int:  4    God:    Trog [****..]
Gold: 821           SH:  0    Dex:  9    Spells: 11/11 levels left

rFire   . . .      SeeInvis .   (weapon currently unavailable)
rCold   . . .      Faith    .   (shield currently unavailable)
rNeg    . . .      Spirit   .   (body armour currently unavailable)
rPois   .          Reflect  .   (helmet currently unavailable)
rElec   .          Harm     .   (cloak currently unavailable)
rCorr   .          Rampage  .   (gloves currently unavailable)
Will    ++...                   (boots currently unavailable)
Stlth   +.........              (no amulet)
HPRegen 1.27/turn               (ring currently unavailable)
MPRegen 0.12/turn               (ring currently unavailable)

@: pig-form, strong-willed, on berserk cooldown, regenerating, drained, very
quick
A: fast, no casting, small, (horns 2), (retaliatory headbutt)
a: Renounce Religion, Berserk, Trog's Hand, Brothers in Arms


You were on level 3 of the Lair of Beasts.
You worshipped Trog.
Trog was greatly pleased with you.
You were a filthy swine.
You visited 2 branches of the dungeon, and saw 11 of its levels.

You collected 821 gold pieces.


Innate Abilities, Weirdness & Mutations

You are a filthy swine.
You move quickly.
Your equipment is almost entirely melded.
You are incapable of wielding weapons or throwing items.
You cannot cast spells.
((You have a pair of horns on your head.))
((You reflexively headbutt those who attack you in melee.))


   Skills:
 + Level 12.9 Fighting
 - Level 14.0 Axes
 - Level 14.0 Armour
 - Level 3.7 Dodging
 - Level 8.2 Shields


You had 11 spell levels left.
You didn't know any spells.
Your spell library was empty.

Inventory:

Hand Weapons
 c - a +4 morningstar
 Y - a +8 hand axe of protection (melded)
Armour
 i - a +2 pair of boots (melded)
 k - a +0 buckler (melded)
 q - the +5 crystal plate armour of Fit Ethu (melded) {Fly}
   (You acquired it on level 7 of the Dungeon)

   Fly:       It grants you flight.
Jewellery
 p - the ring of the Hare (melded) {EV+8}
   (You found it on level 7 of the Dungeon)

   [ring of evasion]

   EV:        It affects your evasion (+8).
Scrolls
 h - 4 scrolls of identify
Potions
 a - 3 potions of haste
 b - a potion of mutation
 d - 2 potions of curing
 l - 2 potions of resistance

Dungeon Overview and Level Annotations

Branches:
Dungeon (8/15)             Temple (0/1) D:5            Lair (3/5) D:8
 Shoals (0/4) Lair:2
  Snake: Lair:2-3    Spider: Lair:2-3

Altars:
Ashenzari
Elyvilon
Makhleb
Uskayaw
Xom
Yredelemnul

Portals:
Abyss: D:4

Annotations:
D:4 2 transporters, qw's ghost, amateur GrFi
D:7 2 runed translucent doors, qw's ghost, novice GrFi
Lair:3 Kirke


Message History

You float gracefully downwards.
The hell rat bites you! Something hits you!
The molten gargoyle blasts magma at you!
The bolt of magma misses you.
You barely miss the molten gargoyle.
The molten gargoyle is moderately damaged.
The hell rat completely misses you. The hell rat closely misses you.
You barely miss the molten gargoyle.
The molten gargoyle is moderately damaged.
The hell rat barely misses you. The molten gargoyle barely misses you.
The hell rat barely misses you.
You hear some strange, mumbled words.
Something tries to affect you, but you resist.
You hit the molten gargoyle.
The molten gargoyle is moderately damaged.
The hell rat closely misses you. The hell rat bites you!!
You feel drained. Something hits you!
The molten gargoyle hits you with a +0 flail!
You are engulfed in flames!
13265 ||| DRINKING 3 potions of heal wounds.
You feel much better.
Kirke appears from thin air!
Reactivating autopickup.
The hell rat closely misses you. The hell rat misses you.
The molten gargoyle hits you with a +0 flail!
You are engulfed in flames!
Kirke completely misses you. The hell rat bites you.
13266 ||| DRINKING 2 potions of heal wounds.
You feel much better. The hell rat misses you.
The molten gargoyle hits you with a +0 flail!
You are engulfed in flames!
Kirke hits you! The hell rat closely misses you.
13267 ||| DRINKING potion of heal wounds.
You feel much better. The hell rat misses you. The hell rat bites you!
You feel drained. The molten gargoyle misses you. Kirke hits you!
The hell rat closely misses you.
13268 ||| INVOKING Trog's Hand.
Your skin crawls.
You feel strong-willed. The hell rat completely misses you.
The molten gargoyle hits you with a +0 flail!
You are engulfed in flames!
You die...

~¤.~~¤¤~~~~~~...............
¤.~~¤¤~~~¤¤¤.¤.............
.¤~~~~~~¤¤¤.¤.............
.~¤¤~~~~¤¤~.¤...P.#P######
.¤. ..........#####
..........# .........%#
..........# .......9h%##
......%@rrP# ..........##
...........# #+.P..#....#
............. ..............
#.............r
#..+##.........


You could see Kirke, a molten gargoyle and 2 hell rats.

Vanquished Creatures
  A hydra (Lair:1)
  Pikel (D:6)
  A manticore (D:8)
  A black mamba (Lair:3)
  6 cane toads
  A gargoyle (D:8)
  Psyche (D:8)
  A rime drake (Lair:1)
  4 komodo dragons
  3 trolls
  2 polar bears (Lair:3)
  20 blink frogs
  A snapping turtle (Lair:2)
  A shadow (D:7)
  Sigmund (D:2)
  3 wyverns
  12 yaks
  4 hogs (Lair:3)
  2 basilisks (Lair:1)
  4 fire bats (Lair:3)
  A vampire mosquito (D:7)
  A fire elemental (Lair:3)
  2 steam dragons
  7 water moccasins
  An acid dragon (D:6)
  Duvessa (D:7)
  2 orc warriors (D:8)
  3 sky beasts (D:7)
  2 black bears
  4 ice beasts
  2 ogres
  A centaur (D:5)
  A phantom (D:6)
  Blork the orc (D:6)
  4 bullfrogs
  A gnoll sergeant (D:7)
  4 scorpions
  11 wights
  Dowan (D:7)
  An electric eel (Lair:1)
  2 howler monkeys
  4 hounds
  4 orc priests
  3 jellies
  2 gnoll boudas
  4 iguanas
  Natasha (D:2)
  9 orc wizards
  9 hell rats
  13 gnolls
  3 river rats (D:6)
  12 adders
  2 shadow imps
  2 white imps
  2 ufetubi
  A worm (D:6)
  3 dart slugs
  33 orcs
  3 endoplasms
  2 giant cockroaches
  6 goblins
  6 hobgoblins
  2 jackals
  7 kobolds
  5 quokkas
  10 ball pythons
  6 bats
  2 frilled lizards
  9 rats
288 creatures vanquished.

Vanquished Creatures (others)
  A hell rat (Lair:3)
  20 fungi
  35 plants
56 creatures vanquished.

Grand Total: 344 creatures vanquished

Notes
Turn   | Place    | Note
-------+----------+-------------------------------------------
     0 | D:1      | qw the Minotaur Berserker began the quest for the Orb.
     0 | D:1      | Reached XP level 1. HP: 19/19 MP: 0/0
     0 | D:1      | 0 ||| qw: Version: 0.1-a-119-g272c26d
     0 | D:1      | 0 ||| qw: Game counter: 11123
     0 | D:1      | 0 ||| qw: Always use a shield: true
     0 | D:1      | 0 ||| qw: Do Orc after D:15 true
     0 | D:1      | 0 ||| qw: Do second Lair branch before Depths: true
     0 | D:1      | 0 ||| qw: Lair rune preference: random
     0 | D:1      | 0 ||| qw: Plans: Normal
     0 | D:1      | 0 ||| PLANNING D:1-11
   135 | D:1      | Reached XP level 2. HP: 24/26 MP: 1/1
   497 | D:1      | 497 ||| DROPPING +0 whip.
   503 | D:1      | 503 ||| Stepping ~*~*~tactically~*~*~ (hiding).
   684 | D:1      | 684 ||| Stepping ~*~*~tactically~*~*~ (hiding).
   786 | D:1      | 786 ||| Stepping ~*~*~tactically~*~*~ (hiding).
   888 | D:1      | 888 ||| Stepping ~*~*~tactically~*~*~ (hiding).
   889 | D:1      | 889 ||| Stepping ~*~*~tactically~*~*~ (hiding).
  1059 | D:1      | Reached XP level 3. HP: 28/31 MP: 2/2
  1124 | D:1      | 1124 ||| UPGRADING to +0 leather armour.
  1134 | D:1      | 1134 ||| DROPPING +0 animal skin.
  1135 | D:1      | 1135 ||| READING scroll labelled KUARRO REIFAUSM.
  1136 | D:1      | 1136 ||| READING scroll labelled EPLOALATUO.
  1137 | D:1      | 1137 ||| READING scroll labelled EDWEOMAWUG.
  1138 | D:1      | 1138 ||| DRINKING 2 purple potions.
  1139 | D:1      | 1139 ||| DROPPING potion of attraction.
  1424 | D:2      | Reached ** piety under Trog
  1594 | D:2      | Noticed Sigmund
  1596 | D:2      | 1596 ||| INVOKING Berserk.
  1599 | D:2      | Killed Sigmund
  1600 | D:2      | Reached XP level 4. HP: 39/39 MP: 3/3
  1600 | D:2      | Reached XP level 5. HP: 45/45 MP: 4/4
  1659 | D:2      | 1659 ||| READING 3 scrolls of enchant weapon.
  1659 | D:2      | 1659 ||| ENCHANTING +1 hand axe.
  1660 | D:2      | 1660 ||| READING 2 scrolls of enchant weapon.
  1660 | D:2      | 1660 ||| ENCHANTING +2 hand axe.
  1661 | D:2      | 1661 ||| READING scroll of enchant weapon.
  1661 | D:2      | 1661 ||| ENCHANTING +3 hand axe.
  1843 | D:2      | Noticed Natasha
  1844 | D:2      | 1844 ||| Stepping ~*~*~tactically~*~*~ (stealth).
  1845 | D:2      | 1845 ||| Stepping ~*~*~tactically~*~*~ (stealth).
  1853 | D:2      | 1853 ||| INVOKING Berserk.
  1856 | D:2      | Killed Natasha
  2001 | D:2      | Noticed an eye of devastation
  2003 | D:2      | Found a faded altar of an unknown god.
  2006 | D:2      | Noticed a floating eye
  2006 | D:2      | Noticed a great orb of eyes
  2006 | D:2      | Noticed a shining eye
  2201 | D:2      | 2201 ||| UPGRADING to +0 chain mail.
  2211 | D:2      | 2211 ||| DROPPING +0 leather armour.
  2212 | D:2      | 2212 ||| DROPPING amulet of magic regeneration.
  2213 | D:2      | 2213 ||| READING 2 scrolls labelled RUITAIB ZEDOFAP.
  2214 | D:2      | 2214 ||| READING 2 scrolls labelled QUAB KONAJ.
  2215 | D:2      | 2215 ||| READING scroll labelled VEEDUR IPNYLUD.
  2216 | D:2      | 2216 ||| READING scroll labelled IRI COYNUQ.
  2217 | D:2      | 2217 ||| DRINKING 2 bubbling brown potions.
  2218 | D:2      | 2218 ||| DRINKING 2 red potions.
  2219 | D:2      | 2219 ||| DROPPING scroll of blinking.
  2220 | D:2      | 2220 ||| DROPPING scroll of magic mapping.
  2596 | D:3      | 2596 ||| READING scroll of enchant weapon.
  2596 | D:3      | 2596 ||| ENCHANTING +4 hand axe.
  2876 | D:4      | 2876 ||| STAIRDANCE
  3003 | D:4      | Noticed a black bear
  3005 | D:4      | 3005 ||| Stepping ~*~*~tactically~*~*~ (stealth).
  3013 | D:4      | 3013 ||| INVOKING Berserk.
  3016 | D:4      | Killed a black bear
  3017 | D:4      | Reached XP level 6. HP: 52/52 MP: 5/5
  3169 | D:4      | 3169 ||| Stepping ~*~*~tactically~*~*~ (stealth).
  3177 | D:4      | 3177 ||| Stepping ~*~*~tactically~*~*~ (stealth).
  3181 | D:4      | 3181 ||| INVOKING Berserk.
  3342 | D:4      | 3342 ||| INVOKING Berserk.
  3484 | D:4      | Found a transporter.
  3493 | D:4      | Noticed a small abomination
  3501 | D:4      | Noticed qw's ghost (amateur GrFi)
  3504 | D:4      | Reached skill level 9 in Axes
  3505 | D:4      | Noticed a small abomination
  3507 | D:4      | Noticed a small abomination
  3573 | D:4      | 3573 ||| INVOKING Berserk.
  3577 | D:4      | Reached XP level 7. HP: 61/61 MP: 6/6
  3823 | D:4      | Reached skill level 3 in Armour
  4086 | D:4      | Found a transporter.
  4092 | D:4      | Found a one-way gate to the infinite horrors of the Abyss.
  4144 | D:4      | 4144 ||| UPGRADING to +2 pair of boots.
  4149 | D:4      | 4149 ||| READING scroll labelled TYUSYN JEUNERR.
  4250 | D:4      | 4250 ||| READING scroll labelled AQIMUR ROPAELOSM.
  4251 | D:4      | 4251 ||| READING scroll labelled WAC MAEDGHYR.
  4281 | D:5      | Entered Level 5 of the Dungeon
  4290 | D:5      | 4290 ||| Stepping ~*~*~tactically~*~*~ (hiding).
  4310 | D:5      | 4310 ||| Stepping ~*~*~tactically~*~*~ (stealth).
  4312 | D:5      | 4312 ||| FLEEEEING.
  4321 | D:5      | 4321 ||| FLEEEEING.
  4322 | D:5      | 4322 ||| FLEEEEING.
  4323 | D:5      | 4323 ||| FLEEEEING.
  4325 | D:5      | 4325 ||| STAIRDANCE
  4472 | D:5      | 4472 ||| Stepping ~*~*~tactically~*~*~ (stealth).
  4473 | D:5      | 4473 ||| Stepping ~*~*~tactically~*~*~ (stealth).
  4535 | D:5      | Found a staircase to the Ecumenical Temple.
  4803 | D:5      | Noticed a troll
  4808 | D:5      | 4808 ||| INVOKING Berserk.
  4811 | D:5      | Killed a troll
  4812 | D:5      | Reached XP level 8. HP: 73/73 MP: 7/7
  4945 | D:5      | Found a basalt altar of Yredelemnul.
  5075 | D:5      | Found a white marble altar of Elyvilon.
  5688 | D:5      | 5688 ||| DRINKING 2 puce potions.
  5689 | D:5      | 5689 ||| READING 2 scrolls of identify.
  5689 | D:5      | 5689 ||| IDENTIFYING fuming black potion
  5690 | D:5      | 5690 ||| DROPPING potion of brilliance.
  5726 | D:6      | 5726 ||| PLANNING SEWER
  5735 | D:6      | 5735 ||| Stepping ~*~*~tactically~*~*~ (hiding).
  5737 | D:6      | 5737 ||| INVOKING Berserk.
  5897 | D:6      | 5897 ||| READING scroll of enchant weapon.
  5897 | D:6      | 5897 ||| ENCHANTING +5 hand axe.
  5905 | D:6      | 5905 ||| Stepping ~*~*~tactically~*~*~ (stealth).
  5930 | D:6      | Reached *** piety under Trog
  6227 | D:6      | Found a hide-covered altar of Uskayaw.
  6229 | D:6      | 6229 ||| FLEEEEING.
  6230 | D:6      | 6230 ||| DRINKING 2 potions of curing.
  6230 | D:6      | 6230 ||| (to cure confusion)
  6235 | D:6      | 6235 ||| INVOKING Berserk.
  6369 | D:6      | 6369 ||| RIP SEWER
  6451 | D:6      | 6451 ||| PLANNING D:1-11
  6470 | D:6      | 6470 ||| INVOKING Berserk.
  6604 | D:6      | Reached skill level 12 in Axes
  6615 | D:6      | Noticed Pikel
  6617 | D:6      | Noticed Blork the orc
  6621 | D:6      | 6621 ||| INVOKING Berserk.
  6626 | D:6      | Killed Pikel
  6627 | D:6      | Reached XP level 9. HP: 79/79 MP: 8/8
  6629 | D:6      | Killed Blork the orc
  6639 | D:6      | 6639 ||| Stepping ~*~*~tactically~*~*~ (stealth).
  6643 | D:6      | 6643 ||| DRINKING potion of curing.
  6643 | D:6      | 6643 ||| (to cure confusion)
  6660 | D:6      | 6660 ||| Stepping ~*~*~tactically~*~*~ (stealth).
  6684 | D:6      | 6684 ||| INVOKING Berserk.
  6833 | D:6      | 6833 ||| Stepping ~*~*~tactically~*~*~ (stealth).
  6834 | D:6      | 6834 ||| Stepping ~*~*~tactically~*~*~ (stealth).
  6899 | D:6      | 6899 ||| Stepping ~*~*~tactically~*~*~ (stealth).
  6900 | D:6      | 6900 ||| Stepping ~*~*~tactically~*~*~ (stealth).
  6901 | D:6      | 6901 ||| Stepping ~*~*~tactically~*~*~ (stealth).
  7097 | D:6      | 7097 ||| READING scroll labelled XUR IDOTORGH.
  7266 | D:6      | 7266 ||| DRINKING 2 murky clear potions.
  7267 | D:6      | 7267 ||| DROPPING potion of flight.
  7319 | D:7      | 7319 ||| INVOKING Berserk.
  7332 | D:7      | 7332 ||| FLEEEEING.
  7335 | D:7      | 7335 ||| STAIRDANCE
  7560 | D:7      | 7560 ||| Stepping ~*~*~tactically~*~*~ (stealth).
  7562 | D:7      | 7562 ||| Stepping ~*~*~tactically~*~*~ (stealth).
  7566 | D:7      | 7566 ||| Stepping ~*~*~tactically~*~*~ (stealth).
  7568 | D:7      | 7568 ||| Stepping ~*~*~tactically~*~*~ (stealth).
  7674 | D:7      | 7674 ||| Stepping ~*~*~tactically~*~*~ (stealth).
  7679 | D:7      | 7679 ||| Stepping ~*~*~tactically~*~*~ (stealth).
  7680 | D:7      | 7680 ||| Stepping ~*~*~tactically~*~*~ (stealth).
  7757 | D:7      | Found a large runed translucent door.
  7757 | D:7      | Found a large runed translucent door.
  7794 | D:7      | 7794 ||| Stepping ~*~*~tactically~*~*~ (stealth).
  7799 | D:7      | 7799 ||| INVOKING Berserk.
  7799 | D:7      | Noticed Duvessa
  7812 | D:7      | Noticed Dowan
  7813 | D:7      | Killed Duvessa
  7824 | D:7      | 7824 ||| Stepping ~*~*~tactically~*~*~ (hiding).
  7825 | D:7      | 7825 ||| Stepping ~*~*~tactically~*~*~ (hiding).
  7834 | D:7      | Killed Dowan
  7956 | D:7      | Noticed a troll
  7956 | D:7      | Noticed a troll
  7959 | D:7      | 7959 ||| INVOKING Berserk.
  7963 | D:7      | Killed a troll
  7964 | D:7      | Reached skill level 9 in Fighting
  7971 | D:7      | Found the ring of the Hare {EV+8}
  7976 | D:7      | Killed a troll
  7977 | D:7      | Reached skill level 3 in Dodging
  7977 | D:7      | Reached XP level 10. HP: 87/91 MP: 9/9
  7985 | D:7      | Reached skill level 6 in Armour
  8334 | D:7      | Noticed qw's ghost (novice GrFi)
  8354 | D:7      | Found a broken altar of Ashenzari.
  8423 | D:7      | 8423 ||| READING scroll of enchant weapon.
  8423 | D:7      | 8423 ||| ENCHANTING +6 hand axe.
  8567 | D:7      | 8567 ||| UPGRADING to +0 buckler.
  8572 | D:7      | 8572 ||| UPGRADING to ring of the Hare {EV+8}.
  8573 | D:7      | 8573 ||| READING scroll labelled IFOMOF JYTSEFEIGH.
  8573 | D:7      | Identified a scroll of acquirement
  8573 | D:7      | 8573 ||| ACQUIRING +5 crystal plate armour of Fit Ethu
                  | {Fly}
  8573 | D:7      | Acquired the +5 crystal plate armour of Fit Ethu {Fly}
  8575 | D:7      | 8575 ||| UPGRADING to +5 crystal plate armour of Fit Ethu
                  | {Fly}.
  8585 | D:7      | 8585 ||| DROPPING +0 chain mail.
  8586 | D:7      | 8586 ||| DRINKING 3 green potions.
  8587 | D:7      | 8587 ||| DRINKING 2 metallic golden potions.
  8588 | D:7      | 8588 ||| READING 6 scrolls of identify.
  8588 | D:7      | 8588 ||| IDENTIFYING bubbling grey potion
  8589 | D:7      | 8589 ||| READING 5 scrolls of identify.
  8589 | D:7      | 8589 ||| IDENTIFYING metallic dark potion
  8590 | D:7      | 8590 ||| READING 4 scrolls of identify.
  8590 | D:7      | 8590 ||| IDENTIFYING brown potion
  8591 | D:7      | 8591 ||| READING 3 scrolls of identify.
  8591 | D:7      | 8591 ||| IDENTIFYING dark potion
  8592 | D:7      | 8592 ||| READING 2 scrolls of identify.
  8592 | D:7      | 8592 ||| IDENTIFYING glowing emerald potion
  8593 | D:7      | 8593 ||| DROPPING 2 potions of degeneration.
  8594 | D:7      | 8594 ||| DROPPING potion of lignification.
  8595 | D:7      | 8595 ||| DROPPING potion of invisibility.
  8596 | D:7      | 8596 ||| DROPPING potion of ambrosia.
  8597 | D:7      | 8597 ||| DROPPING potion of magic.
  8636 | D:8      | 8636 ||| Stepping ~*~*~tactically~*~*~ (stealth).
  8642 | D:8      | 8642 ||| Stepping ~*~*~tactically~*~*~ (hiding).
  8643 | D:8      | 8643 ||| INVOKING Berserk.
  8648 | D:8      | Reached skill level 1 in Shields
  8785 | D:8      | Reached skill level 3 in Shields
  8794 | D:8      | 8794 ||| Stepping ~*~*~tactically~*~*~ (stealth).
  8802 | D:8      | 8802 ||| Stepping ~*~*~tactically~*~*~ (stealth).
  8854 | D:8      | 8854 ||| DROPPING +0 morningstar.
  8874 | D:8      | 8874 ||| READING scroll of teleportation.
  8876 | D:8      | 8876 ||| FLEEEEING.
  8876 | D:8      | Noticed a gargoyle
  8884 | D:8      | Killed a gargoyle
  8884 | D:8      | Reached **** piety under Trog
  8885 | D:8      | Reached skill level 9 in Armour
  8913 | D:8      | Noticed Psyche
  8915 | D:8      | 8915 ||| INVOKING Berserk.
  8925 | D:8      | Killed Psyche
  9052 | D:8      | 9052 ||| Stepping ~*~*~tactically~*~*~ (stealth).
  9053 | D:8      | 9053 ||| Stepping ~*~*~tactically~*~*~ (stealth).
  9054 | D:8      | 9054 ||| Stepping ~*~*~tactically~*~*~ (stealth).
  9055 | D:8      | 9055 ||| Stepping ~*~*~tactically~*~*~ (stealth).
  9056 | D:8      | 9056 ||| Stepping ~*~*~tactically~*~*~ (stealth).
  9057 | D:8      | 9057 ||| Stepping ~*~*~tactically~*~*~ (stealth).
  9059 | D:8      | 9059 ||| Stepping ~*~*~tactically~*~*~ (hiding).
  9176 | D:8      | 9176 ||| Stepping ~*~*~tactically~*~*~ (stealth).
  9235 | D:8      | 9235 ||| Stepping ~*~*~tactically~*~*~ (stealth).
  9247 | D:8      | Found a shimmering altar of Xom.
  9289 | D:8      | Found a burning altar of Makhleb.
  9333 | D:8      | 9333 ||| INVOKING Berserk.
  9360 | D:8      | 9360 ||| Stepping ~*~*~tactically~*~*~ (stealth).
  9361 | D:8      | 9361 ||| Stepping ~*~*~tactically~*~*~ (stealth).
  9491 | D:8      | 9491 ||| INVOKING Berserk.
  9726 | D:8      | Noticed a manticore
  9728 | D:8      | 9728 ||| INVOKING Berserk.
  9731 | D:8      | Killed a manticore
  9911 | D:8      | 9911 ||| Stepping ~*~*~tactically~*~*~ (hiding).
  9920 | D:8      | 9920 ||| FLEEEEING.
  9922 | D:8      | 9922 ||| FLEEEEING.
  9923 | D:8      | 9923 ||| FLEEEEING.
  9924 | D:8      | 9924 ||| FLEEEEING.
  9925 | D:8      | 9925 ||| FLEEEEING.
  9926 | D:8      | 9926 ||| FLEEEEING.
  9927 | D:8      | 9927 ||| FLEEEEING.
  9928 | D:8      | 9928 ||| FLEEEEING.
  9929 | D:8      | 9929 ||| FLEEEEING.
  9933 | D:8      | 9933 ||| INVOKING Berserk.
  9939 | D:8      | Reached XP level 11. HP: 99/99 MP: 10/10
 10103 | D:8      | 10103 ||| Stepping ~*~*~tactically~*~*~ (hiding).
 10180 | D:8      | Found a staircase to the Lair.
 10199 | D:8      | 10199 ||| PLANNING LAIR
 10199 | D:8      | 10199 ||| READING scroll labelled LYTUEX AMOIL.
 10207 | Lair:1   | Entered Level 1 of the Lair of Beasts
 10208 | Lair:1   | Noticed a five-headed hydra
 10209 | Lair:1   | 10209 ||| INVOKING Brothers in Arms.
 10210 | Lair:1   | 10210 ||| INVOKING Berserk.
 10223 | Lair:1   | Killed a seven-headed hydra
 10224 | Lair:1   | Reached skill level 6 in Shields
 10257 | Lair:1   | 10257 ||| DRINKING potion of cancellation.
 10274 | Lair:1   | Reached skill level 12 in Armour
 10521 | Lair:1   | 10521 ||| INVOKING Berserk.
 10676 | Lair:1   | You are sucked into a shaft and drop 1 floor!
 10684 | Lair:2   | 10684 ||| READING 2 scrolls of identify.
 10684 | Lair:2   | 10684 ||| IDENTIFYING emerald potion
 10858 | Lair:1   | 10858 ||| INVOKING Berserk.
 11144 | Lair:1   | 11144 ||| Stepping ~*~*~tactically~*~*~ (stealth).
 11149 | Lair:1   | 11149 ||| INVOKING Berserk.
 11665 | Lair:1   | 11665 ||| READING scroll labelled GOIPROA VAESERUTTE.
 11803 | Lair:2   | 11803 ||| READING scroll of enchant weapon.
 11803 | Lair:2   | 11803 ||| ENCHANTING +7 hand axe of protection.
 11828 | Lair:2   | 11828 ||| Stepping ~*~*~tactically~*~*~ (stealth).
 11829 | Lair:2   | 11829 ||| Stepping ~*~*~tactically~*~*~ (stealth).
 11830 | Lair:2   | 11830 ||| INVOKING Berserk.
 12271 | Lair:2   | Found a staircase to the Shoals.
 12272 | Lair:2   | 12272 ||| Stepping ~*~*~tactically~*~*~ (hiding).
 12274 | Lair:2   | 12274 ||| INVOKING Berserk.
 12284 | Lair:2   | Reached skill level 12 in Fighting
 12577 | Lair:3   | 12577 ||| Stepping ~*~*~tactically~*~*~ (stealth).
 12578 | Lair:3   | 12578 ||| Stepping ~*~*~tactically~*~*~ (stealth).
 12579 | Lair:3   | 12579 ||| INVOKING Berserk.
 12585 | Lair:3   | Reached XP level 12. HP: 112/112 MP: 11/11
 12744 | Lair:3   | 12744 ||| INVOKING Berserk.
 12863 | Lair:3   | 12863 ||| INVOKING Berserk.
 13068 | Lair:3   | 13068 ||| INVOKING Berserk.
 13218 | Lair:3   | 13218 ||| Stepping ~*~*~tactically~*~*~ (stealth).
 13219 | Lair:3   | 13219 ||| Stepping ~*~*~tactically~*~*~ (stealth).
 13222 | Lair:3   | 13222 ||| INVOKING Berserk.
 13241 | Lair:3   | Noticed Kirke
 13242 | Lair:3   | 13242 ||| INVOKING Trog's Hand.
 13247 | Lair:3   | 13247 ||| Stepping ~*~*~tactically~*~*~ (stealth).
 13261 | Lair:3   | 13261 ||| DRINKING potion of cancellation.
 13264 | Lair:3   | HP: 25/109 [molten gargoyle/+0 flail (10)]
 13265 | Lair:3   | 13265 ||| DRINKING 3 potions of heal wounds.
 13266 | Lair:3   | 13266 ||| DRINKING 2 potions of heal wounds.
 13267 | Lair:3   | 13267 ||| DRINKING potion of heal wounds.
 13268 | Lair:3   | 13268 ||| INVOKING Trog's Hand.
 13268 | Lair:3   | HP: 7/106 [molten gargoyle/+0 flail (11)]
 13268 | Lair:3   | Slain by a molten gargoyle

Levels and vault maps discovered:
D:1:      lightli_arrival_flooded_house, layout_loops_ring
D:2:      layout_basic, hellmonk_ecumenical_altar_watching_god, uniq_sigmund,
          uniq_natasha
D:3:      layout_basic, minmay_misc_feat_more_columns
D:4:      layout_loops_ring, gammafunk_ghost_abyssal_escape, st_stairs_9
D:5:      layout_loops_corners, lemuel_round_altar, mainiacjoe_overflow_catwalk,
          minmay_temple_entry_statues, kennysheep_nondescript,
          minmay_diced_spiral
D:6:      layout_loops_cross, eat_drink_and_be_merry_uskayaw,
          lightli_sewer_entry_pipes, uniq_pikel, uniq_blork_the_orc
D:7:      nzn_winding_woodlands_small [nzn_winding_woodlands_5x15_pockets,
          nzn_winding_woodlands_center_triple_pond,
          nzn_winding_woodlands_5x15_twine], layout_rooms,
          mainiacjoe_overflow_chevrons, ebering_ghost_disaster_area,
          uniq_duvessa
D:8:      layout_basic, makhleb_blood_cavern_becter, tgw_xom,
          david_lair_shrubbed, uniq_psyche
Lair:1:   layout_cave_pods, grunt_megastairs_2, infiniplex_staircase_pool
Lair:2:   layout_hall_layers, minmay_shoals_entry_hut, serial_bayou_shore_a
Lair:3:   layout_chaotic_city, nicolae_spider_entry_orb_guardian,
          lemuel_fruit_tree, serial_bayou_shore_b, serial_bayou_shore_b,
          uniq_kirke, uniq_sonja

Skill      XL: |  1  2  3  4  5  6  7  8  9 10 11 12 |
---------------+-------------------------------------+-----
Axes           | 4 5 7 8 9 10 13 14 | 14.0
Fighting       | 4 5 7 9 10 12 | 12.9
Armour         | 3 4 5 10 13 14 | 14.0
Dodging        | 3 |  3.7
Shields        | 5 7 8 |  8.2

Action                   |  1- 3 |  4- 6 |  7- 9 | 10-12 || total
-------------------------+-------+-------+-------+-------++-------
Melee: Hand axe          |    62 |    64 |   252 |   390 ||   768
       Headbutt          |     8 |    10 |    36 |    62 ||   116
       Punch             |     1 |       |     4 |       ||     5
       Unarmed           |       |       |       |     3 ||     3
Invok: Berserk           |     1 |     5 |     9 |    17 ||    32
       Brothers in Arms  |       |       |       |     1 ||     1
       Trog's Hand       |       |       |       |     2 ||     2
  Use: Scroll            |     3 |     8 |     6 |    12 ||    29
       Potion            |     1 |     2 |     4 |     7 ||    14
Armor: Animal skin       |     4 |       |       |       ||     4
       Leather armour    |     4 |     1 |       |       ||     5
       Chain mail        |       |    13 |    82 |    15 ||   110
       Crystal plate arm |       |       |       |   120 ||   120
Dodge: Dodged            |    33 |    14 |    73 |   160 ||   280
Block: Buckler           |       |       |       |    44 ||    44

Table legend:
 A = Non-vault XP
 B = Vault XP
 C = Vault XP percentage of total XP
 D = Non-vault monster count
 E = Vault monster count
 F = Vault count percentage of total count
                 A         B        C        D         E       F
            +---------+---------+-------+---------+---------+-------
      Total |   21126 |    6766 |  24.3 |     235 |      54 |  18.7
            +---------+---------+-------+---------+---------+-------
        D:1 |      42 |       0 |   0.0 |      24 |       0 |   0.0
        D:2 |      36 |     249 |  87.4 |      16 |       2 |  11.1
        D:3 |      15 |       0 |   0.0 |       9 |       0 |   0.0
        D:4 |     619 |      16 |   2.5 |      27 |       3 |  10.0
        D:5 |     772 |      74 |   8.7 |      10 |       4 |  28.6
        D:6 |     999 |     841 |  45.7 |      26 |      12 |  31.6
        D:7 |    1747 |    1657 |  48.7 |      26 |      12 |  31.6
        D:8 |    3261 |     797 |  19.6 |      36 |       7 |  16.3
     Lair:1 |    5936 |    2082 |  26.0 |      26 |       9 |  25.7
     Lair:2 |    2238 |     244 |   9.8 |      11 |       1 |   8.3
     Lair:3 |    5461 |     806 |  12.9 |      24 |       4 |  14.3
            +---------+---------+-------+---------+---------+-------
